 Dungeon Crawl Stone Soup version 0.21.1-1-g345015fe64 (webtiles) character file.

133 Kohma the Covered (level 4, -4/39 HPs)
             Began as a Minotaur Fighter on June 28, 2018.
             Killed by nerve-wracking pain
             ... invoked by Sapher's ghost
              (10 damage)
             ... on level 3 of the Dungeon.
             The game lasted 00:04:25 (2101 turns).

Kohma the Covered (Minotaur Fighter)                Turns: 2101, Time: 00:04:25

Health: -4/39      AC:  9    Str: 22    XL:     4   Next: 93%
Magic:  3/3        EV:  6    Int:  5    God:
Gold:   180        SH:  9    Dex:  9    Spells: 3/3 levels left

rFire    . . .     SeeInvis .   a - +0 war axe
rCold    . . .     Gourm    .   c - +0 shield
rNeg     . . .     Faith    .   w - +0 chain mail
rPois    .         Spirit   .   (helmet restricted)
rElec    .         Reflect  .   (no cloak)
rCorr    .         Harm     .   (no gloves)
MR       .....                  (no boots)
Stlth    ..........             (no amulet)
HPRegen  0.13/turn              (no ring)
MPRegen  0.08/turn              (no ring)

@: no status effects
A: retaliatory headbutt, horns 2
a: no special abilities


You were on level 3 of the Dungeon.
You were not hungry.

You visited 1 branch of the dungeon, and saw 3 of its levels.

You collected 180 gold pieces.

Inventory:

Hand Weapons
 a - a +0 war axe (weapon)
Missiles
 e - 131 stones (quivered)
Armour
 c - a +0 shield (worn)
 w - a +0 chain mail (worn)
Wands
 s - a wand of iceblast (5)
Scrolls
 g - a scroll of remove curse {unknown}
 j - a scroll of amnesia {unknown}
 l - 3 scrolls of teleportation {unknown}
 n - 2 scrolls of enchant armour {unknown}
 q - a scroll of immolation {unknown}
 u - a scroll of random uselessness {unknown}
 v - a scroll of identify {unknown}
Potions
 d - a potion of might
 h - a potion of agility {unknown}
 k - a potion of magic {unknown}
 m - 2 potions of heal wounds {unknown}
 o - 2 potions of brilliance {unknown}
 p - a potion of mutation {unknown}
 r - 2 potions of curing {unknown}
 t - a potion of haste {unknown}
Comestibles
 f - 5 rations
 i - 20 chunks of flesh


   Skills:
 - Level 3.6 Fighting
 + Level 4.0 Axes
 - Level 5.0 Armour
 + Level 4.9 Shields


You had 3 spell levels left.
You didn't know any spells.

Dungeon Overview and Level Annotations

Branches:
Dungeon (3/15)

Altars:

Annotations:
D:2 1 runed door
D:3 Sapher's ghost, weakling GnNe


Innate Abilities, Weirdness & Mutations

You reflexively headbutt those who attack you in melee.
You have a pair of horns on your head.


Message History

Pain shoots through your body!
You see here an adder corpse.
You block Sapher's ghost's attack. Sapher's ghost casts a spell at you.
Pain shoots through your body!
There is a stone staircase leading up here.
Some of the chunks of flesh in your inventory have rotted away.
Your shield and chain mail prevent you from hitting Sapher's ghost.
Sapher's ghost whispers, "There is no future for you."
Sapher's ghost points at you and mumbles some strange words.
You barely resist. You slash Sapher's ghost!
Your headbutt misses Sapher's ghost.
Sapher's ghost is heavily damaged.
You block Sapher's ghost's attack. Sapher's ghost casts a spell at you.
Pain shoots through your body!
* * * LOW HITPOINT WARNING * * *
Sapher's ghost points at you and mumbles some strange words.
Pain shoots through your body!
You die...

....... ....... .......
######### .......
.........#### .......
............##.......
........W##.....=....
.......@####........
........###.†$......#
#####...##...##.......
#..........### #.....#
#......)[...# #.#..#
#.........#..####.##.#
#.........##....#.#..#
#..........####.#.#..####
#####.##.#..# #.#........


You could see Sapher's ghost.

Vanquished Creatures
  7 adders
  An ooze (D:3)
  A dart slug (D:1)
  A leopard gecko (D:2)
  5 orcs (D:3)
  A ball python (D:1)
  8 bats
  A giant cockroach (D:2)
  10 goblins
  8 hobgoblins
  A quokka (D:3)
  4 frilled lizards
  7 kobolds
  4 rats
59 creatures vanquished.

Notes
Turn   | Place    | Note
-------+----------+-------------------------------------------
     0 | D:1      | Kohma the Minotaur Fighter began the quest for the Orb.
     0 | D:1      | Reached XP level 1. HP: 19/19 MP: 0/0
   287 | D:1      | Reached skill level 4 in Armour
   290 | D:1      | Reached XP level 2. HP: 26/26 MP: 1/1
   755 | D:2      | Reached XP level 3. HP: 31/31 MP: 2/2
  1246 | D:2      | Reached skill level 5 in Armour
  1246 | D:2      | Reached XP level 4. HP: 35/39 MP: 3/3
  1559 | D:2      | Found a runed door.
  2086 | D:3      | Noticed Sapher's ghost (weakling GnNe)
  2101 | D:3      | Killed from afar by Sapher's ghost

Skill      XL: |  1  2  3  4 |
---------------+-------------+-----
Armour         | 4 5 |  5.0
Axes           | 3 4 |  4.0
Shields        | 4 |  4.9
Fighting       | |  3.6

Action                   |  1- 3 |  4- 6 || total
-------------------------+-------+-------++-------
Melee: War axe           |    89 |    82 ||   171
       Headbutt          |    13 |     8 ||    21
Throw: Stone             |     8 |       ||     8
  Eat: Chunk             |     1 |     3 ||     4
Armor: Scale mail        |    57 |    51 ||   108
       Chain mail        |       |     1 ||     1
Dodge: Dodged            |    38 |    27 ||    65
Block: Shield            |    44 |    53 ||    97
